 Dungeon Crawl Stone Soup version 0.20.1-1-g8b1a95d (webtiles) character file.

352 Monsterracer the Skirmisher (level 6, 0/56 HPs)
             Began as a Minotaur Summoner on Aug 22, 2017.
             Was an Initiate of Ru.
             Slain by Eustachio
             ... wielding a +0 rapier of electrocution
              (9 damage)
             ... on level 4 of the Dungeon.
             The game lasted 00:08:39 (4564 turns).

Monsterracer the Skirmisher (Minotaur Summoner)     Turns: 4564, Time: 00:08:40

Health: 0/56       AC:  3    Str: 20      XL:     6   Next: 35%
Magic:  7/7        EV: 12    Int: 19      God:    Ru [......]
Gold:   305        SH:  0    Dex:  9 (10) Spells: 7/7 levels left

rFire    . . .     SeeInvis .   a - +1 war axe
rCold    . . .     Gourm    .   (no shield)
rNeg     + . .     Faith    .   w - +1 robe
rPois    .         Spirit   .   (helmet restricted)
rElec    .         Reflect  .   (no cloak)
rCorr    .         Harm     .   (no gloves)
MR       .....                  (no boots)
Stlth    ..........             (no amulet)
Regen    0.2/turn               h - ring of positive energy
MPRegen  0.1/turn               (no ring)

@: mighty, brilliant, berserk cooldown, slowed, heavily drained, very slow
A: retaliatory headbutt, horns 2, clever 1, deformed body, shaggy fur 1, no
stealth
a: Renounce Religion


You were on level 4 of the Dungeon.
You worshipped Ru.
Ru was noncommittal.
You were not hungry.

You visited 1 branch of the dungeon, and saw 4 of its levels.
You also visited: Sewer.

You collected 305 gold pieces.

Inventory:

Hand Weapons
 a - a +1 war axe (weapon)
 b - a +5 club
Armour
 w - a +1 robe (worn)
Jewellery
 h - a ring of positive energy (left hand)
Wands
 f - a wand of paralysis (7/24)
 r - a wand of polymorph (8/24)
Scrolls
 e - a scroll of enchant weapon
 g - a scroll of recharging
 k - a scroll of fear
 m - a scroll of amnesia
Potions
 d - a potion of ambrosia {unknown}
 o - a potion of curing
Comestibles
 c - 4 bread rations
 l - 3 meat rations
 p - a fruit


   Skills:
 * Level 5.0(3.9) Fighting
 * Level 4.6(3.4) Axes
 + Level 1.0(0.0) Armour
 + Level 3.1(1.9) Dodging
 - Level 1.4(0.4) Spellcasting
   Level 2.9(1.8) Summonings


You had 7 spell levels left.
You didn't know any spells.

Dungeon Overview and Level Annotations

Branches:
Dungeon (4/15)
 Temple: D:4-7

Altars:
Ru

Annotations:
D:4 Eustachio


Innate Abilities, Weirdness & Mutations

You reflexively headbutt those who attack you in melee.
You have a pair of horns on your head.
You cannot be stealthy.
Your mind is acute. (Int +2)
Armour fits poorly on your strangely shaped body.
You are covered in fur. (AC +1)


Message History

The quasit claws you but does no damage.
The quasit misses you. Eustachio barely misses you. You furiously retaliate!
You headbutt Eustachio! The quasit bites you.
* * * LOW HITPOINT WARNING * * *
The quasit claws you but does no damage. x2
Eustachio hits you but does no damage.
The quasit bites you but does no damage.
The quasit closely misses you. The quasit claws you.
* * * LOW HITPOINT WARNING * * *
Huge Dmg: -7%(-4hp) hp: 17%(9hp)
You miss Eustachio.
Eustachio is almost dead.
You barely miss the quasit.
The quasit bites you but does no damage.
The quasit claws you but does no damage.
The quasit completely misses you.
Eustachio hits you with a rapier of electrocution.
* * * LOW HITPOINT WARNING * * *
You are electrocuted!
You die...

*,************#.#***#........#
*,*,*********,...,,,+.........
*,*,,,,,,,,,,,#.#***#........#
*,*,**##**#####.# #........#
*,*,*,...,,...#.# #........#
*,*,*,.#.####.#.#####........#
*,*,*,>.........[.............
*,*,*,,#....#.#.##.##........#
*,*,*,,#....#@#+##..#........#
****,*,*,,#....5@......#........#
,,,,,,,,,,#.....................#
,***,*,*,,#.#.........#.###+#####
,* *,*,*,,#,##........#.# *,* ,*
*,*,,,,#...........#.#**,* ,*
*,*,**,######.#.####,,**,* ,*
*,*,*,,,,,,...#.# **,**,* ,*
*,*,******#####.# *,,*,*****


You could see Eustachio and a quasit.

Vanquished Creatures
  An eye of draining (Sewer)
  Ijyb (D:4)
  A worker ant (D:4)
  A hound skeleton (D:4)
  A worker ant zombie (D:4)
  Robin (D:4)
  3 gnolls
  5 adders
  A howler monkey skeleton (D:4)
  4 worms
  4 leopard geckos
  2 orcs
  4 giant cockroaches
  14 goblins
  6 hobgoblins
  A quokka (D:2)
  10 bats
  4 frilled lizards
  9 kobolds
  5 rats
78 creatures vanquished.

Vanquished Creatures (collateral kills)
  An adder (D:1)
  A rat (D:2)
2 creatures vanquished.

Grand Total: 80 creatures vanquished

Notes
Turn   | Place    | Note
-------+----------+-------------------------------------------
     0 | D:1      | Monsterracer the Minotaur Summoner began the quest for the Orb.
     0 | D:1      | Reached XP level 1. HP: 14/14 MP: 1/1
   133 | D:1      | HP: 7/14 [kobold (3)]
   391 | D:1      | Reached skill level 1 in Fighting
   424 | D:1      | Reached XP level 2. HP: 18/23 MP: 0/3
   502 | D:1      | HP: 11/23 [adder (2)]
   503 | D:1      | Reached skill level 2 in Fighting
   508 | D:1      | HP: 10/24 [poisoned by an adder]
  1041 | D:1      | Reached XP level 3. HP: 30/30 MP: 0/4
  1159 | D:2      | Reached skill level 3 in Fighting
  1455 | D:2      | HP: 15/31 [kobold/short sword (7)]
  1462 | D:2      | HP: 14/33 [poisoned by an adder]
  1470 | D:2      | HP: 13/33 [poisoned by an adder]
  1918 | D:2      | Reached skill level 4 in Fighting
  2052 | D:2      | Reached XP level 4. HP: 34/40 MP: 1/5
  2676 | D:2      | Reached skill level 1 in Axes
  2961 | D:3      | Found a glowing drain.
  2967 | Sewer    | Entered a sewer
  3041 | Sewer    | Noticed a crocodile
  3067 | Sewer    | Noticed a basilisk
  3067 | Sewer    | a crocodile changed into a basilisk
  3069 | Sewer    | Noticed an eye of draining
  3069 | Sewer    | a basilisk changed into an eye of draining
  3080 | Sewer    | Killed an eye of draining
  3080 | Sewer    | Reached XP level 5. HP: 47/47 MP: 0/6
  3324 | D:3      | Found a faded altar of an unknown god.
  3336 | D:3      | Became a worshipper of Ru the Awakened
  3351 | D:3      | HP: 20/47 [gnoll/spear (7)]
  3358 | D:3      | Gained mutation: You cannot be stealthy. [Ru sacrifice]
  3746 | D:4      | Noticed Robin
  3751 | D:4      | Killed Robin
  3883 | D:4      | Reached XP level 6. HP: 51/53 MP: 7/7
  4033 | D:4      | HP: 22/53 [worker ant zombie (6)]
  4038 | D:4      | HP: 17/53 [poisoned by a worker ant]
  4041 | D:4      | HP: 8/53 [worker ant zombie (5)]
  4050 | D:4      | HP: 7/55 [poisoned by a worker ant]
  4055 | D:4      | HP: 6/55 [poisoned by a worker ant]
  4519 | D:4      | Noticed Ijyb
  4519 | D:4      | Paralysed by Ijyb for 6 turns
  4530 | D:4      | Killed Ijyb
  4530 | D:4      | Reached skill level 5 in Fighting
  4530 | D:4      | Reached skill level 1 in Armour
  4541 | D:4      | Noticed Eustachio
  4546 | D:4      | HP: 24/56 [Eustachio/rapier of electrocution (9)]
  4547 | D:4      | HP: 2/56 [Eustachio/rapier of electrocution (14)]
  4560 | D:4      | Gained mutation: Armour fits poorly on your strangely shaped body. [potion of mutation]
  4560 | D:4      | Gained mutation: You are covered in fur. (AC +1) [potion of mutation]
  4560 | D:4      | Gained mutation: Your mind is acute. (Int +2) [potion of mutation]
  4562 | D:4      | HP: 13/56 [Eustachio/rapier of electrocution (16)]
  4564 | D:4      | Slain by Eustachio

Skill      XL: |  1  2  3  4  5  6 |
---------------+-------------------+-----
Fighting       | 1 2 4 5 |  5.0
Axes           | 3 4 |  4.6
Stealth        | 0 |  0.0
Dodging        | 3 |  3.1
Armour         | 1 |  1.0
Spellcasting   | |  1.4
Summonings     | |  2.9

Action                   |  1- 3 |  4- 6 || total
-------------------------+-------+-------++-------
Melee: Unarmed           |    24 |       ||    24
       Headbutt          |    12 |    25 ||    37
       Whip              |    10 |       ||    10
       Short sword       |    37 |    29 ||    66
       Rapier            |       |    19 ||    19
       War axe           |       |    91 ||    91
 Cast: Summon Small Mamm |    19 |       ||    19
Invok: Sacrifice Stealth |       |     1 ||     1
Evoke: Wand              |       |     3 ||     3
  Use: Scroll            |       |     9 ||     9
       Potion            |       |     9 ||     9
 Stab: Sleeping          |     6 |     1 ||     7
       Distracted        |     1 |       ||     1
  Eat: Chunk             |     4 |     8 ||    12
Armor: Robe              |    11 |    26 ||    37
Dodge: Dodged            |    70 |   110 ||   180
